 Dungeon Crawl Stone Soup version 0.27-a0-1105-g946c659c87 (webtiles) character file.

Game seed: 14797948849654609395

139 DogServant the Magician (level 5, 40/40 HPs)
             Began as a Djinni Earth Elementalist on Apr 29, 2021.
             Quit the game on level 4 of the Dungeon.
             The game lasted 00:04:29 (4237 turns).

DogServant the Magician (Djinni Earth Elementalist) Turns: 4237, Time: 00:04:30

Health: 40/40      AC:  2    Str:  8    XL:     5   Next: 22%
Gold:   103        EV: 12    Int: 16    God:
                   SH:  0    Dex: 14

rFire    + + .     SeeInvis .   k - +2 hand axe (flame)
rCold    x . .     Faith    .   (no shield)
rNeg     . . .     Spirit   .   c - +0 robe
rPois    ∞         Reflect  .   (no helmet)
rElec    .         Harm     .   (no cloak)
rCorr    .         Rampage  .   (no gloves)
Will     .....                  (boots unavailable)
Stlth    ++........             (no amulet)
HPRegen  0.13/turn              (no ring)
MPRegen  0.00/turn              (no ring)

@: flying
A: fire resistance 2, cold vulnerability 1, float, innate caster, hp casting,
extra vitality 1
a: no special abilities


You were on level 4 of the Dungeon.
You visited 1 branch of the dungeon, and saw 4 of its levels.

You collected 103 gold pieces.

Inventory:

Hand Weapons
 f - a +0 hand axe
 k - a +2 hand axe of flaming (weapon)
Missiles
 b - 88 stones
 l - 15 poisoned darts
Armour
 c - a +0 robe (worn)
Jewellery
 m - a +6 ring of dexterity
 o - an amulet of faith
Scrolls
 a - 2 scrolls of noise {unknown}
 d - a scroll of blinking {unknown}
 g - 2 scrolls of teleportation {unknown}
 h - a scroll of silence {unknown}
 i - a scroll of vulnerability {unknown}
 j - a scroll of magic mapping {unknown}
Potions
 e - 5 potions of attraction {unknown}
 n - a potion of curing {unknown}
 p - a potion of haste {unknown}


   Skills:
 + Level 2.8 Fighting
 - Level 2.3 Dodging
 - Level 1.7 Stealth
 + Level 4.0 Spellcasting


You couldn't memorise any spells.
You knew the following spells:

 Your Spells              Type           Power      Damage    Failure   Level
a - Sandblast             Erth           32%        2d9       3%          1
b - Passwall              Tmut/Erth      13%        N/A       4%          2
c - Stone Arrow           Conj/Erth      32%        3d9       10%         3
d - Petrify               Tmut/Erth      16%        N/A       32%         4
e - Lee's Rapid Deconstr  Erth           8%         3d8*      65%         5
f - Apportation           Tloc           32%        N/A       3%          1
g - Slow                  Hex            16%        N/A       4%          2
Your spell library was empty.

Dungeon Overview and Level Annotations

Branches:
Dungeon (4/15)
 Temple: D:4-7

Altars:
Uskayaw


Innate Abilities, Weirdness & Mutations

You are immune to poison.
Your flesh is very heat resistant. (rF++)
You are vulnerable to cold. (rC-)
You float through the air rather than walking.
You learn spells naturally, not from books.
Your magical power is your life essence.
You have superior vitality. (+4 HP)


Message History

Casting: Stone Arrow (quite dangerous; 12% risk of failure)
Confirm with . or Enter, or press ? or * to list all spells.
You can't see any susceptible monsters within range! (Use Z to cast anyway.) Unknown command.
There is a stone staircase leading up here.
Casting: Stone Arrow (quite dangerous; 12% risk of failure)
Confirm with . or Enter, or press ? or * to list all spells.
The spell is quite dangerous to cast (12% risk of failure)!
Continue anyway?
Aiming: Stone Arrow (quite dangerous; 12% risk of failure)
Press: ? - help, Shift-Dir - straight line, f - orc
Aim: an orc, wielding a +0 mace and wearing a +0 scale mail (72% to hit)
The stone arrow hits the orc!
You kill the orc!
Casting: Stone Arrow (quite dangerous; 12% risk of failure)
Confirm with . or Enter, or press ? or * to list all spells.
The spell is quite dangerous to cast (12% risk of failure)!
Continue anyway?
Aiming: Stone Arrow (quite dangerous; 12% risk of failure)
Press: ? - help, Shift-Dir - straight line, f - scorpion
Aim: a scorpion (68% to hit)
The stone arrow hits the scorpion!
The scorpion is heavily wounded.
Casting: Stone Arrow (quite dangerous; 12% risk of failure)
Confirm with . or Enter, or press ? or * to list all spells.
The spell is quite dangerous to cast (12% risk of failure)!
Continue anyway? [Y]es or [N]o only, please.
The spell is quite dangerous to cast (12% risk of failure)!
Continue anyway? [Y]es or [N]o only, please.
The spell is quite dangerous to cast (12% risk of failure)!
Continue anyway?
Aiming: Stone Arrow (quite dangerous; 12% risk of failure)
Press: ? - help, Shift-Dir - straight line, f/p - scorpion
Aim: a scorpion (heavily wounded, 68% to hit)
The stone arrow hits the scorpion!
You kill the scorpion!
Your Spellcasting skill increases to level 4!
You have reached level 5!
The power to cast Slow wells up from within.
Spell assigned to 'g'.
You start resting.
HP restored.
Are you sure you want to abandon this character and quit the game? (Confirm with "yes".)

# .... .. .....
...## ....#
.....## ##....#
.......####.....#
s...)....##....#
#.).........#
##.†.@......#
##.........#
#.........#
#...>......#
#.............
#....######....
#....## ..#
#....# .# ..... .


There were no monsters in sight!

Vanquished Creatures
  A scorpion (D:4)
  An adder (D:2)
  2 dart slugs (D:1)
  3 orcs (D:4)
  6 endoplasms
  2 giant cockroaches
  3 goblins
  7 hobgoblins
  10 jackals
  2 kobolds
  2 quokkas
  3 ball pythons (D:2)
  4 bats
  7 frilled lizards
  7 rats
60 creatures vanquished.

Vanquished Creatures (others)
  3 plants (D:3)
3 creatures vanquished.

Grand Total: 63 creatures vanquished

Notes
Turn   | Place    | Note
-------+----------+-------------------------------------------
     0 | D:1      | DogServant the Djinni Earth Elementalist began the quest
                  | for the Orb.
     0 | D:1      | Reached XP level 1. HP: 15/15 MP: 0/0
    22 | D:1      | Reached skill level 3 in Spellcasting
    22 | D:1      | Reached XP level 2. HP: 2/21 MP: 0/0
   850 | D:1      | Reached skill level 1 in Fighting
   853 | D:1      | Reached XP level 3. HP: 13/27 MP: 0/0
   853 | D:1      | Learned a level 1 spell: Apportation
  1813 | D:2      | Found a faded altar of an unknown god.
  2802 | D:2      | Reached XP level 4. HP: 22/33 MP: 0/0
  3645 | D:3      | Found a hide-covered altar of Uskayaw.
  4151 | D:4      | Noticed a scorpion
  4158 | D:4      | Killed a scorpion
  4159 | D:4      | Reached skill level 4 in Spellcasting
  4159 | D:4      | Reached XP level 5. HP: 29/40 MP: 0/0
  4159 | D:4      | Learned a level 2 spell: Slow
  4237 | D:4      | Quit the game

Illustrated notes

Levels and vault maps discovered:
D:1:      sevenhm_arrival_forest_fort_small_6, layout_basic,
          minmay_tiny_reverse_x
D:2:      layout_basic, serial_forest, infiniplex_forest_end_2,
          infiniplex_forest_straight_2, infiniplex_forest_clump_long,
          infiniplex_forest_clump_small, infiniplex_forest_lined_ring,
          infiniplex_forest_straight_2, infiniplex_forest_clump_long,
          infiniplex_forest_clump_curved, infiniplex_forest_lined_2,
          infiniplex_forest_clump_tiny, ebering_ecumenical_altar_rust
D:3:      layout_basic, nicolae_uskayaw_dance_hall, small_statue_intersection,
          guppyfry_early_lair_pool
D:4:      layout_layer_cave, grunt_temple_overflow_open, serial_shops,
          nicolae_shop_crystal, minmay_circle_x

Skill      XL: |  1  2  3  4 |
---------------+-------------+-----
Spellcasting   | 3 4 |  4.0
Fighting       | 1 2 |  2.8
Dodging        | |  2.3
Stealth        | |  1.7

Action                   |  1- 3 |  4- 6 || total
-------------------------+-------+-------++-------
Melee: Hand axe          |   115 |    26 ||   141
       Unarmed           |     4 |       ||     4
 Cast: Sandblast         |    19 |     2 ||    21
       Stone Arrow       |     8 |     7 ||    15
 Stab: Sleeping          |     2 |     2 ||     4
Armor: Robe              |    31 |     3 ||    34
Dodge: Dodged            |   110 |    29 ||   139

Table legend: (Time is in decaauts)
 A = Elapsed time spent in this place.
 B = Non-inter-level travel time spent in this place.
 C = Inter-level travel time spent in this place.
 D = Time resting spent in this place.
 E = Time spent auto-exploring this place.
 F = Levels seen in this place.
 G = Mean time per level.
                   A        B        C        D        E       F      G
               +--------+--------+--------+--------+--------+-----+--------+
         Total |   4277 |   4179 |     98 |     78 |   3683 |   4 | 1069.2 |
       Dungeon |   4277 |   4179 |     98 |     78 |   3683 |   4 | 1069.2 |
               +--------+--------+--------+--------+--------+-----+--------+

Top non-repeatable levels by time:
     D:1: 1642 daAuts
     D:2: 1569 daAuts
     D:3: 920 daAuts
     D:4: 144 daAuts
